 Dungeon Crawl Stone Soup version 0.30.0-18-gc0e69614cb (webtiles) character file.

Game seed: 3557682994359058969

96 Brutalitops the Shooter (level 4, -14/32 HPs)
             Began as a Human Hexslinger on May 24, 2023.
             Was a Follower of the Shining One.
             Demolished by an ogre
             ... wielding a +0 giant spiked club
              (26 damage)
             ... on level 5 of the Dungeon.
             The game lasted 00:11:51 (2000 turns).

Brutalitops the Shooter (Human Hexslinger)          Turns: 2000, Time: 00:11:52

Health: -14/32     AC:  7    Str: 10    XL:     4   Next: 98%
Magic:  2/5        EV:  9    Int: 14    God:    the Shining One [*.....]
Gold:   157        SH:  6    Dex: 15    Spells: 4/5 levels left

rFire   . . .        a - +1 sling
rCold   . . .        (no shield)
rNeg    . . .        c - +0 scale mail
rPois   .            (no helmet)
rElec   .            (no cloak)
rCorr   .            k - +0 pair of gloves
SInv    .            (no boots)
Will    .....        i - amulet of the acrobat Stlth
                     (no ring)
HPRegen 0.25/turn    (no ring)
MPRegen 0.09/turn

%: acrobat
@: divinely shielded, glowing
A: no striking features
a: Renounce Religion, Divine Shield


You were on level 5 of the Dungeon.
You worshipped the Shining One.
The Shining One was aware of your devotion.
You visited 1 branch of the dungeon, and saw 4 of its levels.

You collected 157 gold pieces.

Inventory:

Hand Weapons
 a - a +1 sling (weapon)
 e - a +0 hand axe
Armour
 c - a +0 scale mail (worn)
 k - a +0 pair of gloves (worn)
Jewellery
 i - an amulet of the acrobat (around neck)
Scrolls
 b - 2 scrolls of poison
Potions
 d - 2 potions of lignification
 f - a potion of ambrosia {unknown}
 g - a potion of might {unknown}
 h - a potion of curing {unknown}
 j - a potion of invisibility {unknown}
 l - a potion of berserk rage {unknown}
 m - a potion of mutation {unknown}


   Skills:
 + Level 1.6 Fighting
 + Level 3.7 Ranged Weapons
 + Level 0.5 Armour
 + Level 2.2 Dodging
 + Level 0.2 Stealth
 - Level 1.0 Spellcasting
 - Level 3.0 Hexes
 * Level 1.7 Invocations


You had 4 spell levels left.
You knew the following spells:

 Your Spells              Type           Power      Damage    Failure   Level
a - Slow                  Hex            36%        N/A       47%         1

Your spell library contained the following spells:

 Spells                   Type           Power      Damage    Failure   Level
 Inner Flame              Hex/Fire       4%         N/A       96%         3
 Portal Projectile        Hex/Tloc       8%         N/A       96%         3
 Cause Fear               Hex            4%         N/A       99%         4


Dungeon Overview and Level Annotations

Branches:
Dungeon (3/15)

Altars:
Yredelemnul
The Shining One

Shops:
D:2 (


Message History

Fire: a) +1 sling
Press: ? - help, Shift-Dir - straight line, f - ogre
Aim: an ogre, wielding a +0 giant spiked club (73% to hit)
You shoot a sling bullet.
The sling bullet completely misses the ogre.
Fire: a) +1 sling
Press: ? - help, Shift-Dir - straight line, f/p - ogre
Aim: an ogre, wielding a +0 giant spiked club (73% to hit)
You shoot a sling bullet. The sling bullet hits the ogre.
The ogre is lightly wounded.
The ogre barely misses you. A divine shield forms around you!
Fire: a) +1 sling
Press: ? - help, Shift-Dir - straight line, f/p - ogre
Aim: an ogre, wielding a +0 giant spiked club (haloed, 93% to hit)
You shoot a sling bullet. The sling bullet hits the ogre.
The ogre is lightly wounded.
You block the ogre's attack.
Fire: a) +1 sling
Press: ? - help, Shift-Dir - straight line, f/p - ogre
Aim: an ogre, wielding a +0 giant spiked club (lightly wounded, haloed, 93% to hit)
You shoot a sling bullet. The sling bullet hits the ogre.
The ogre is lightly wounded.
The ogre barely misses you.
Fire: a) +1 sling
Press: ? - help, Shift-Dir - straight line, f/p - ogre
Aim: an ogre, wielding a +0 giant spiked club (lightly wounded, haloed, 93% to hit)
You shoot a sling bullet.
The sling bullet hits the ogre but does no damage.
The ogre is lightly wounded.
The ogre hits you with a +0 giant spiked club!!
Ouch! That really hurt!
Fire: a) +1 sling
Press: ? - help, Shift-Dir - straight line, f/p - ogre
Aim: an ogre, wielding a +0 giant spiked club (lightly wounded, haloed, 93% to hit)
You shoot a sling bullet. The sling bullet hits the ogre.
The ogre is moderately wounded.
The ogre hits you with a +0 giant spiked club!!
Ouch! That really hurt!
You die...

######## ##
#......# ..#
#......# ...#
+......# .....
#......#......
#.....@O.[....
##############


You could see an ogre.

Vanquished Creatures
  3 gnolls (D:3)
  4 worms (D:2)
  An orc (D:3)
  5 bats
  10 endoplasms
  2 giant cockroaches
  4 goblins
  5 hobgoblins
  A jackal (D:3)
  3 quokkas (D:1)
  5 ball pythons
  4 frilled lizards
  2 kobolds (D:2)
  3 rats
52 creatures vanquished.

Notes
Turn   | Place    | Note
-------+----------+-------------------------------------------
     0 | D:1      | Brutalitops the Human Hexslinger began the quest for the
                  | Orb.
     0 | D:1      | Reached XP level 1. HP: 15/15 MP: 2/2
    26 | D:1      | Found a faded altar of an unknown god.
    44 | D:1      | Prayed at the altar of an unknown god.
    44 | D:1      | Became a worshipper of the Shining One
    44 | D:1      | Reached * piety under the Shining One
   157 | D:1      | Reached XP level 2. HP: 21/21 MP: 3/3
   205 | D:1      | Reached skill level 1 in Invocations
   748 | D:2      | Reached XP level 3. HP: 26/26 MP: 4/4
   755 | D:2      | Found a basalt altar of Yredelemnul.
   988 | D:2      | Found Poath's Weapon Shop.
  1173 | D:2      | Reached XP level 4. HP: 32/32 MP: 5/5
  1905 | D:3      | Noticed a black bear
  1987 | D:3      | You fall into a shaft and drop 2 floors!
  1987 | D:5      | Entered Level 5 of the Dungeon
  1992 | D:5      | Noticed an ogre
  2000 | D:5      | Demolished by an ogre

Illustrated notes

Levels and vault maps discovered:
D:1:      dpeg_arrival_stone_temple_mockup, layout_loops_ring,
          shapermc_ecumenical_altar_starsandcircs
D:2:      layout_loops_ring, serial_shops, nicolae_shop_pleasant_corner_grove,
          basic_altar, chequers_avenue, minivault_27
D:3:      layout_loops_cross, st_stairs_9, serial_bayou_ford_a
D:5:      layout_gridville, grunt_ministairs_13, eino_curves_03,
          grunt_decor_arrowhead

Skill      XL: |  1  2  3 |
---------------+----------+-----
Invocations    | 1 |  1.7
Ranged Weapons | 3 |  3.7
Fighting       | |  1.6
Armour         | |  0.5
Dodging        | |  2.2
Stealth        | |  0.2
Spellcasting   | |  1.0
Hexes          | |  3.0

Action                     |  1- 3 |  4- 6 || total
---------------------------+-------+-------++-------
  Melee: Hand axe          |     6 |       ||     6
   Fire: Sling             |   104 |    64 ||   168
 Invoke: Divine Shield     |       |     1 ||     1
    Use: Scroll            |     3 |       ||     3
 Armour: Scale mail        |    28 |    11 ||    39
  Dodge: Dodged            |    32 |    28 ||    60
  Block: Other             |       |     1 ||     1
